 Seeded DCSS version 0.31.0-32-g396128a36d (webtiles) character file.

Game seed: 6748020140247286261 (custom seed)

45 Alphaeus the Ruffian (level 3, 0/33 HPs)
             Began as a Troll Shapeshifter on Mar 19, 2024.
             Slain by Terence
             ... wielding a +0 flail
              (7 damage)
             ... on level 2 of the Dungeon.
             The game lasted 00:00:50 (825 turns).

Alphaeus the Ruffian (Troll Shapeshifter)            Turns: 825, Time: 00:00:50

Health: 0/33       AC:  4    Str: 22    XL:     3   Next: 42%
Magic:  2/2        EV:  9    Int:  8    God:
Gold:   113        SH:  0    Dex:  9    Spells: 2/2 levels left

rFire   . .          .
                       - Unarmed
rCold   . . .        (no shield)
rNeg    . . .        a - +0 animal skin
rPois   .            (helmet currently unavailable)
rElec   .            (cloak currently unavailable)
rCorr   .            (gloves unavailable)
SInv    .            (boots unavailable)
Will    .....        (no amulet)
Stlth   +            (no ring)
HPRegen 1.05/turn    (no ring)
MPRegen 0.08/turn

%: no passive effects
@: beast-form
A: beast (slay +2), large, unfitting armour, claws 3, regeneration 1, shaggy fur
1, tough skin 1
a: Begin Untransformation


You were on level 2 of the Dungeon.
You were a hulking beast.
You visited 1 branch of the dungeon, and saw 2 of its levels.

You collected 113 gold pieces.

Inventory:

Armour
 a - a +0 animal skin (worn)
 k - an orb of guile
Talismans
 c - a beast talisman
 d - a flux talisman
Scrolls
 e - 2 scrolls of teleportation {unknown}
 g - a scroll of vulnerability {unknown}
 h - 2 scrolls of identify {unknown}
 l - a scroll of noise {unknown}
Potions
 b - 3 potions of lignification
 f - a potion of curing {unknown}
 i - 3 potions of enlightenment {unknown}
 j - a potion of heal wounds {unknown}


   Skills:
 + Level 1.3 Fighting
 - Level 1.5 Dodging
 * Level 3.6 Unarmed Combat
 * Level 3.5 Shapeshifting


You had 2 spell levels left.
You didn't know any spells.
Your spell library contained the following spells:

 Spells                   Type           Power      Damage    Failure   Level
 Hailstorm                Conj/Ice       0%         3d5       78%         3
 Summon Ice Beast         Ice/Summ       0%         N/A       78%         3
 Sculpt Simulacrum        Ice/Alch       0%         N/A       100%        6


Dungeon Overview and Level Annotations

Branches:
Dungeon (2/15)

Altars:

Annotations:
D:2 Terence


Innate Abilities, Weirdness & Mutations

You are a hulking beast.
Your limbs bulge with bestial killing power. (Slay +2)
You are too large for most types of armour.
You have claws for hands.
Your natural rate of healing is unusually fast.
You are covered in fur. (AC +1)
You have tough skin. (AC +1)


Message History

You are too injured to fight recklessly!
You are too injured to fight recklessly!
You are too injured to fight recklessly!
You are too injured to fight recklessly!
You are too injured to fight recklessly!
You are too injured to fight recklessly!
You are too injured to fight recklessly!
You are too injured to fight recklessly!
You are too injured to fight recklessly!
You are too injured to fight recklessly!
You are too injured to fight recklessly!
You are too injured to fight recklessly!
You are too injured to fight recklessly!
You are too injured to fight recklessly!
You are too injured to fight recklessly!
You are too injured to fight recklessly!
You are too injured to fight recklessly!
You are too injured to fight recklessly!
You are too injured to fight recklessly!
You are too injured to fight recklessly!
You are too injured to fight recklessly!
You are too injured to fight recklessly!
You are too injured to fight recklessly!
You are too injured to fight recklessly!
You are too injured to fight recklessly!
You are too injured to fight recklessly!
You are too injured to fight recklessly!
You closely miss Terence.
Terence is heavily wounded.
The ball python barely misses you. The quokka barely misses you.
Terence hits you with a +0 flail!
* * * LOW HITPOINT WARNING * * *
You scratch Terence but do no damage.
Terence is heavily wounded.
The ball python bites you but does no damage.
The quokka bites you.
* * * LOW HITPOINT WARNING * * *
Terence hits you with a +0 flail!
You die...
Terence says, "Time to find some more victims."

.........# .........#
.....(...# .........#
.........# .........#
...!..S..#######
......@h.......#########
#####.r.....##.#.....#..
#.......##.#.##.##.#
...............).....>
#######.###########...
#.. #...# #... ###.
#.#.####♣.♣ #
..#.#........
#.#####.###.♣#♣.♣


You could see Terence, a quokka and a ball python.

Vanquished Creatures
  An adder (D:2)
  2 dart slugs
  A bat (D:1)
  3 endoplasms
  A giant cockroach (D:1)
  5 goblins
  4 hobgoblins
  2 kobolds (D:1)
  3 quokkas (D:2)
  5 frilled lizards
  2 rats (D:1)
29 creatures vanquished.

Notes
Turn   | Place    | Note
-------+----------+-------------------------------------------
     0 | D:1      | Alphaeus the Troll Shapeshifter began the quest for the
                  | Orb.
     0 | D:1      | Reached XP level 1. HP: 18/18 MP: 0/0
   180 | D:1      | Reached skill level 1 in Fighting
   186 | D:1      | Reached XP level 2. HP: 27/27 MP: 1/1
   601 | D:2      | Reached XP level 3. HP: 29/33 MP: 2/2
   816 | D:2      | Noticed Terence
   825 | D:2      | Slain by Terence

Illustrated notes

Levels and vault maps discovered:
D:1:      ncdulo_smallfort, layout_basic
D:2:      layout_basic, serial_forest, infiniplex_forest_clump_double,
          infiniplex_forest_clump_small, infiniplex_forest_straight_3,
          infiniplex_forest_clump_medium, infiniplex_forest_end_2,
          infiniplex_forest_lined_4_way, uniq_crazy_yiuf_cottage, uniq_terence

Skill      XL: |  1 |
---------------+----+-----
Fighting       | 1 |  1.3
Dodging        | |  1.5
Unarmed Combat | |  3.6
Shapeshifting  | |  3.5

Action                     || total
---------------------------++-------
  Melee: Unarmed           ||    71
         Punch             ||     3
 Armour: Animal skin       ||    52
  Dodge: Dodged            ||    25
